 Dungeon Crawl Stone Soup version 0.31.0-7-gf635a9b802 (webtiles) character file.

Game seed: 2123725061346010329

14461 Strat the Basher (level 12, -13/79 HPs)
             Began as a Gargoyle Fighter on Jan 23, 2024.
             Was a Priest of the Shining One.
             Mangled by a manticore (16 damage)
             ... on level 11 of the Dungeon.
             The game lasted 00:19:34 (11182 turns).

Strat the Basher (Gargoyle Fighter)                Turns: 11182, Time: 00:19:34

Health: -13/79     AC: 35    Str: 24    XL:     12   Next: 16%
Magic:  16/16      EV:  9    Int: 10    God:    the Shining One [***...]
Gold:   748        SH:  9    Dex:  9    Spells: 9/11 levels left

rFire   . . .        a - +1 flail (protect)
rCold   + + .        D - +0 kite shield
rNeg    + + .        r - +1 scale mail of Tortured Miracles {rC++}
rPois   ∞            h - +2 helmet
rElec   +            p - +1 cloak {Stlth+}
rCorr   .            J - +0 pair of gloves
SInv    .            E - +2 pair of boots
Will    .....        (no amulet)
Stlth   +            (no ring)
HPRegen 0.33/turn    (no ring)
MPRegen 0.15/turn

%: no passive effects
@: under a protective aura, glowing, studying Earth Magic
A: sickness immunity, AC +8, negative energy resistance 1, electricity
resistance, torment resistance 1, petrification resistance
a: Renounce Religion, Divine Shield, Cleansing Flame


You were on level 11 of the Dungeon.
You worshipped the Shining One.
The Shining One was most pleased with you.
You visited 1 branch of the dungeon, and saw 11 of its levels.

You collected 748 gold pieces.

Inventory:

Hand Weapons
 a - a +1 flail of protection (weapon)
Missiles
 j - 3 javelins (quivered)
Armour
 h - a +2 helmet (worn)
 k - a +2 hat of intelligence
 p - a +1 cloak of stealth (worn)
 r - the +1 scale mail of Tortured Miracles (worn) {rC++}
   (You found it on level 3 of the Dungeon)

   rC++:      It greatly protects you from cold.
 y - a +0 plate armour
 D - a +0 kite shield (worn)
 E - a +2 pair of boots (worn)
 J - a +0 pair of gloves (worn)
Jewellery
 c - an amulet of magic regeneration
 u - a ring of ice
 K - a ring of magical power
Wands
 n - a wand of light (13)
 t - a wand of mindburst (9)
 w - a wand of charming (7)
 x - a wand of flame (4)
 C - a wand of polymorph (5)
 G - a wand of digging (4)
Scrolls
 g - a scroll of blinking
 i - 2 scrolls of enchant weapon
 l - a scroll of fog
 m - 2 scrolls of amnesia
 q - a scroll of vulnerability
 s - 2 scrolls of immolation
 v - a scroll of enchant armour {unknown}
 B - 2 scrolls of fear
 L - a scroll of teleportation
Potions
 b - 2 potions of berserk rage {unknown}
 d - 3 potions of haste
 e - 2 potions of invisibility {unknown}
 f - 7 potions of heal wounds
 o - 4 potions of curing {unknown}
 z - a potion of cancellation {unknown}
 A - a potion of mutation {unknown}
 F - 3 potions of enlightenment {unknown}
 H - 3 potions of lignification {unknown}
 I - 3 potions of magic {unknown}


   Skills:
 + Level 10.8 Fighting
 * Level 13.3 Maces & Flails
 + Level 7.7 Armour
 + Level 7.5 Shields
 + Level 6.6 Invocations


You had 9 spell levels left.
You knew the following spells:

 Your Spells              Type           Power      Damage    Failure   Level
a - Blink                 Tloc           0%         N/A       93%         2

Your spell library contained the following spells:

 Spells                   Type           Power      Damage    Failure   Level
 Magic Dart               Conj           0%         1d3       83%         1
 Shock                    Conj/Air       0%         1d3       83%         1
 Slow                     Hex            0%         N/A       83%         1
 Ensorcelled Hibernation  Hex/Ice        0%         N/A       93%         2
 Lesser Beckoning         Tloc           0%         N/A       93%         2
 Momentum Strike          Conj/Tloc      0%         3d8       93%         2
 Searing Ray              Conj           0%         2d4       93%         2
 Confusing Touch          Hex            0%         N/A       99%         3
 Passwall                 Erth           0%         N/A       99%         3
 Sigil of Binding         Hex            0%         N/A       99%         3
 Swiftness                Air            0%         N/A       99%         3
 Vampiric Draining        Necr           0%         2d6       99%         3
 Airstrike                Air            0%         2d(0-16)  100%        4
 Fulminant Prism          Conj/Alch      0%         3d5       100%        4
 Ignite Poison            Fire/Alch      0%         N/A       100%        4
 Freezing Cloud           Conj/Ice/Air   0%         6-21      100%        5
 Cigotuvi's Dreadful Rot  Necr/Alch/Air  Unusable   N/A       N/A         2

Dungeon Overview and Level Annotations

Branches:
Dungeon (11/15)            Temple (0/1) D:7            Lair (0/5) D:9
    Orc: D:9-12

Altars:
Ashenzari
Cheibriados
Dithmenos
Elyvilon
Fedhas
Gozag
Kikubaaqudgha
Makhleb
Nemelex Xobeh
Okawaru
Qazlal
Ru
Sif Muna
Trog
Uskayaw
Vehumet
Wu Jian
Xom
Yredelemnul
Zin
The Shining One

Portals:
Abyss: D:11

Annotations:
D:3 3 runed translucent doors, Drablr's ghost, amateur DjEn
D:8 1 runed translucent door
D:11 2 transporters, DadFather's ghost, journeyman CeHu


Innate Abilities, Weirdness & Mutations

You are immune to sickness and miasma.
Your stone body is resilient. (AC +8)
You are immune to poison.
You resist negative energy. (rN+)
You are resistant to electric shocks. (rElec)
You are resistant to unholy torment.
You are immune to petrification.


Message History

The cyclops is heavily wounded.
The cyclops closely misses you.
You sock the cyclops!
The cyclops is almost dead.
You hit the cyclops but do no damage.
The cyclops is almost dead.
The cyclops hits you but does no damage.
You sock the cyclops!
You kill the cyclops!
The manticore bites you but does no damage.
The manticore misses you. The manticore closely misses you.
The manticore flicks its tail.
The volley of spikes skewers you but does no damage.
Things that are here:
4 large rocks; a cyclops corpse The manticore closely misses you.
The manticore barely misses you.
The manticore claws you but does no damage.
You hit the manticore.
The manticore is lightly wounded.
The manticore bites you!
* * * LOW HITPOINT WARNING * * *
The manticore claws you but does no damage.
You block the manticore's attack.
You sock the manticore!
The manticore is moderately wounded.
The manticore bites you!
* * * LOW HITPOINT WARNING * * *
You block the manticore's attack.
The manticore claws you but does no damage.
You hit the manticore but do no damage.
The manticore is moderately wounded.
You thump the manticore!
The manticore is heavily wounded.
The manticore bites you!
* * * LOW HITPOINT WARNING * * *
The manticore claws you but does no damage. x2
You thump the manticore!
The manticore is severely wounded.
The manticore bites you!
You die...

#...........................
#.(.)#######################
#...#.#.###.# #(# #.#
#...##)#.#.#.#.# #.#
#...#)#.#.###.# #.#
#...##.#.#.#.#u#.#
#...###.#.#.###.#
#...##.#.#H#.#.#.#
#...#.###.#@#.# #.#
#...##.#.#.#(#.# #. #...#
#.###.#.#.#
#...##.#.#.#.#.#.# #...#.#
#.# #.#.#.# #...## #.#.#
#.#.#.# #...# #.# #.#
#.#.#.# #...##.# #. #.#.
#...#.# #.


You could see a manticore.

Vanquished Creatures
  Gastronok (D:10)
  2 two-headed ogres (D:11)
  An ugly thing (D:11)
  A manticore (D:11)
  A cyclops (D:11)
  A gargoyle (D:9)
  A yaktaur (D:11)
  A kobold demonologist (D:11)
  A komodo dragon (D:9)
  An unseen horror (D:11)
  5 trolls
  A hornet (D:11)
  22 yaks
  2 shadows
  3 wraiths (D:11)
  2 wyverns
  Eustachio (D:5)
  Edmund (D:5)
  An acid dragon (D:11)
  A black bear (D:5)
  5 water moccasins
  An ice beast (D:5)
  5 orc warriors
  3 ogres
  4 centaurs
  A phantom (D:6)
  2 kobold brigands (D:7)
  4 bullfrogs
  6 scorpions
  5 wights (D:7)
  5 killer bees (D:9)
  3 howler monkeys (D:11)
  A bombardier beetle (D:6)
  3 hounds
  2 jellies
  Crazy Yiuf (D:2)
  4 orc priests
  5 iguanas
  9 orc wizards
  2 adders
  3 white imps
  2 ufetubi (D:6)
  A ribbon worm (D:3)
  A dart slug (D:4)
  21 orcs
  8 endoplasms
  A giant cockroach (D:2)
  6 goblins
  7 hobgoblins
  15 kobolds
  5 quokkas
  3 ball pythons
  7 bats
  A frilled lizard (D:1)
  4 rats
206 creatures vanquished.

Notes
Turn   | Place    | Note
-------+----------+-------------------------------------------
     0 | D:1      | Strat the Gargoyle Fighter began the quest for the Orb.
     0 | D:1      | Reached XP level 1. HP: 14/14 MP: 1/1
   222 | D:1      | Reached XP level 2. HP: 19/19 MP: 2/2
   411 | D:1      | Reached skill level 3 in Maces & Flails
   413 | D:1      | Reached XP level 3. HP: 23/24 MP: 3/3
  1609 | D:2      | Found a runed translucent door.
  1610 | D:2      | Noticed Crazy Yiuf
  1624 | D:2      | Killed Crazy Yiuf
  1625 | D:2      | Reached XP level 4. HP: 21/29 MP: 4/4
  1761 | D:3      | Identified the +1 scale mail of Tortured Miracles {rC++}
  1932 | D:3      | Reached skill level 4 in Maces & Flails
  1969 | D:3      | Reached XP level 5. HP: 32/34 MP: 5/5
  2092 | D:3      | Noticed Drablr's ghost (amateur DjEn)
  2093 | D:3      | Identified the +1 leather armour of Fujoni Qont {rN+ SInv}
  2095 | D:3      | Found a runed translucent gate.
  2096 | D:3      | Found a runed translucent gate.
  2100 | D:3      | Found a runed translucent gate.
  2161 | D:3      | You fall into a shaft and drop 1 floor!
  2179 | D:3      | Found a faded altar of an unknown god.
  2422 | D:4      | Found a radiant altar of Vehumet.
  2504 | D:4      | Noticed a sky beast
  2799 | D:4      | Reached skill level 5 in Maces & Flails
  2799 | D:4      | Reached XP level 6. HP: 38/40 MP: 6/6
  2892 | D:4      | Reached skill level 5 in Fighting
  3118 | D:5      | Entered Level 5 of the Dungeon
  3118 | D:5      | Noticed a black bear
  3193 | D:5      | Noticed Eustachio
  3488 | D:5      | Reached skill level 6 in Maces & Flails
  3488 | D:5      | Reached XP level 7. HP: 13/44 MP: 7/7
  3654 | D:5      | Killed Eustachio
  3821 | D:5      | Found an opulent altar of Gozag.
  3940 | D:5      | Reached skill level 7 in Maces & Flails
  3963 | D:5      | Found an ornate altar of the Wu Jian Council.
  3964 | D:5      | Found a broken altar of Ashenzari.
  3964 | D:5      | Found a white marble altar of Elyvilon.
  3964 | D:5      | Found a shadowy altar of Dithmenos.
  3965 | D:5      | Found a bloodstained altar of Trog.
  3965 | D:5      | Found a hide-covered altar of Uskayaw.
  3965 | D:5      | Found a sparkling altar of Nemelex Xobeh.
  3965 | D:5      | Found a sacrificial altar of Ru.
  3965 | D:5      | Found a glowing golden altar of the Shining One.
  3965 | D:5      | Noticed Edmund
  3988 | D:5      | Killed Edmund
  3989 | D:5      | Reached XP level 8. HP: 49/52 MP: 8/8
  3994 | D:5      | Found a shimmering blue altar of Sif Muna.
  3994 | D:5      | Found a burning altar of Makhleb.
  3994 | D:5      | Found a stormy altar of Qazlal.
  4002 | D:5      | Became a worshipper of the Shining One
  4299 | D:6      | Found an iron altar of Okawaru.
  4300 | D:6      | Noticed Sigmund
  4342 | D:6      | Reached skill level 8 in Maces & Flails
  4731 | D:6      | Sigmund changed into Sigmund the iguana
  4731 | D:6      | Noticed Sigmund
  4745 | D:6      | Killed Sigmund the iguana
  5004 | D:6      | Found a shimmering altar of Xom.
  5007 | D:6      | Noticed an angel
  5009 | D:6      | Found a glowing silver altar of Zin.
  5016 | D:6      | Reached skill level 9 in Maces & Flails
  5069 | D:6      | Reached XP level 9. HP: 59/59 MP: 9/9
  5246 | D:6      | Identified a scroll of acquirement
  5246 | D:6      | Acquired a manual of Earth Magic
  5283 | D:7      | Reached * piety under the Shining One
  5346 | D:7      | Found a staircase to the Ecumenical Temple.
  5451 | D:7      | Reached skill level 10 in Maces & Flails
  6055 | D:7      | Found a basalt altar of Yredelemnul.
  6119 | D:7      | Reached skill level 1 in Invocations
  6443 | D:8      | Reached XP level 10. HP: 65/65 MP: 10/12
  6571 | D:8      | Reached skill level 11 in Maces & Flails
  6729 | D:8      | Found a snail-covered altar of Cheibriados.
  6916 | D:8      | Noticed a manticore
  6916 | D:8      | Noticed a tengu warrior
  6916 | D:8      | Noticed an ogre mage
  6917 | D:8      | Found a runed translucent door.
  6919 | D:8      | Noticed a cyclops
  6919 | D:8      | Noticed a cyclops
  6919 | D:8      | Identified the staff of Distraction {rPois rC+ Ice}
  6919 | D:8      | Noticed a centaur warrior
  7149 | D:9      | Identified the +7 long sword of the Pure Spreadsheets
                  | {venom, ^Contam *Noise Will+++ SInv}
  7226 | D:9      | Reached skill level 5 in Armour
  7235 | D:9      | Reached skill level 5 in Shields
  7648 | D:9      | Found a staircase to the Lair.
  7780 | D:9      | Noticed a gargoyle
  7797 | D:9      | Killed a gargoyle
  8197 | D:9      | Reached ** piety under the Shining One
  8526 | D:9      | Found an ancient bone altar of Kikubaaqudgha.
  8527 | D:9      | Found a blossoming altar of Fedhas.
  8851 | D:10     | Entered Level 10 of the Dungeon
  8893 | D:10     | Reached XP level 11. HP: 52/72 MP: 14/14
  9158 | D:10     | Reached skill level 12 in Maces & Flails
  9435 | D:10     | Noticed Gastronok
  9496 | D:10     | Killed Gastronok
  9497 | D:10     | Reached skill level 10 in Fighting
  9497 | D:10     | Reached skill level 5 in Invocations
  9762 | D:10     | Learned a level 2 spell: Blink
  9770 | D:11     | Noticed a two-headed ogre
  9813 | D:11     | Noticed a skeletal warrior
  9895 | D:11     | Found a transporter.
  9897 | D:11     | Noticed a hell hog
  9903 | D:11     | Found a transporter.
  9917 | D:11     | Noticed a manticore
  9919 | D:11     | Noticed a two-headed ogre
  9928 | D:11     | Killed a two-headed ogre
  9934 | D:11     | Killed a manticore
 10125 | D:11     | Killed a two-headed ogre
 10460 | D:11     | Noticed a soul eater
 10572 | D:11     | Found a one-way gate to the infinite horrors of the Abyss.
 10572 | D:11     | Noticed DadFather's ghost (journeyman CeHu)
 10892 | D:11     | Reached skill level 13 in Maces & Flails
 10908 | D:11     | Noticed a cyclops
 10911 | D:11     | Noticed a two-headed ogre
 10912 | D:11     | Noticed a red ugly thing
 10913 | D:11     | Noticed a manticore
 10999 | D:11     | Reached *** piety under the Shining One
 11015 | D:11     | Reached XP level 12. HP: 79/79 MP: 16/16
 11041 | D:11     | Identified the +0 hand axe of the Big Bang {flame, rC+
                  | Int+3 Dex+2 SInv}
 11181 | D:11     | HP: 2/79 [manticore (12)]
 11182 | D:11     | Mangled by a manticore

Illustrated notes

Levels and vault maps discovered:
D:1:      kennysheep_arrival_seaside, layout_basic, serial_bayou_ford_a,
          corexii_item_surrounded_by_moat, minmay_bisected
D:2:      layout_loops_ring, hangedman_decor_push, dreamdust_mushroom_princess,
          hex_large, eino_curves_02, uniq_crazy_yiuf_cottage
D:3:      layout_rooms, dreamdust_ecumenical_altar_angels_and_demons,
          gammafunk_ghost_split
D:4:      layout_gridville, vehumet_altar_wand_db
D:5:      layout_loops_ring, grunt_gozag_statues, nicolae_overflows_in_rows,
          uniq_edmund, uniq_eustachio
D:6:      layout_basic, grunt_temple_overflow_order_and_chaos_1,
          okawaru_metal_pillars_3, uniq_sigmund
D:7:      layout_loops_ring, marbit_many_paths, minmay_temple_entry_mini_moons
D:8:      minmay_gate_of_8, layout_basic, cheibriados_altar_1
D:9:      layout_layer_cave, grunt_temple_overflow_growth_and_decay,
          david_lair_shrubbed
D:10:     layout_rooms, uniq_gastronok
D:11:     minmay_imperfect_grid, layout_irregular_city,
          gammafunk_ghost_abyssal_escape

Skill      XL: |  1  2  3  4  5  6  7  8  9 10 11 |
---------------+----------------------------------+-----
Maces & Flails | 3 4 5 6 7 9 10 11 13 | 13.3
Fighting       | 4 5 6 7 8 9 10 | 10.8
Invocations    | 2 4 6 |  6.6
Armour         | 4 6 7 |  7.7
Shields        | 4 5 7 |  7.5

Action                     |  1- 3 |  4- 6 |  7- 9 | 10-12 || total
---------------------------+-------+-------+-------+-------++-------
  Melee: Flail             |   120 |   171 |   325 |   477 ||  1093
  Evoke: Wand              |       |       |    18 |     8 ||    26
    Use: Potion            |       |     1 |       |     1 ||     2
         Scroll            |       |       |    12 |     8 ||    20
 Armour: Scale mail        |    76 |   124 |   242 |   342 ||   784
  Dodge: Dodged            |    66 |    59 |   117 |   104 ||   346
  Block: Buckler           |    24 |    30 |    18 |       ||    72
         Kite shield       |       |       |    83 |   180 ||   263
